cohdb
Replays
Latest Replays
All Replays
Popular Replays
Top Player Replays
Match Explorer
How It Works
Community
CoH3 Stats
Reddit
Sign in to upload your games and track your stats! →
Sign in with Steam
Match 42769571
Unlisted
Match 42769571
Overview
Messages
Build Orders
End
Kettenkrad Recon Vehicle
Construct Infanterie Kompanie
MG 42 Machine Gun Team
Grenadier Squad
Grenadier Squad
Construct Panzergrenadier Kompanie
Support Elements
Nebelwerfer 42 Rocket Launcher Team
Pak 40 Anti-tank Gun Team
Medical Bunker
Selects Breakthrough Battlegroup
MG 42 Machine Gun Team
Construct Panzer Kompanie
Selects Rapid Production
Selects Blitzkrieg
Nebelwerfer 42 Rocket Launcher Team
Kettenkrad Recon Vehicle
combat0001
P3prime
Porygon
crywo1f
0
0
Comments
sign in to comment!
No comments posted yet!